 Dungeon Crawl Stone Soup version 0.31-a0-744-gbc345e7fcb (webtiles) character file.

Game seed: 16096064712055404145

2 Bravepunisher the Ducker (level 1, -10/11 HPs)
             Began as a Spriggan Monk on Sept 13, 2023.
             Killed from afar by Ijyb (11 damage)
             ... with a puff of flame
             ... on level 3 of the Dungeon.
             The game lasted 00:00:36 (89 turns).

Bravepunisher the Ducker (Spriggan Monk)              Turns: 89, Time: 00:00:37

Health: -10/11     AC:  2    Str:  7    XL:     1   Next: 33%
Magic:  2/2        EV: 19    Int: 11    God:
Gold:   0          SH:  0    Dex: 17    Spells: 0/0 levels left

rFire   . . .        a - +0 short sword
rCold   . . .        d - orb {light}
rNeg    . . .        b - +0 robe
rPois   .            (helmet restricted)
rElec   .            (no cloak)
rCorr   .            (gloves unavailable)
SInv    +            (boots unavailable)
Will    .....        (no amulet)
Stlth   +            (no ring)
HPRegen 0.21/turn    (no ring)
MPRegen 0.08/turn

%: no passive effects
@: glowing, very quick
A: very small, no large weapons, unfitting armour, see invisible, speed 3
a: no special abilities


You were on level 3 of the Dungeon.
You visited 1 branch of the dungeon, and saw 4 of its levels.

Inventory:

Hand Weapons
 a - a +0 short sword (weapon)
Armour
 b - a +0 robe (worn)
 d - an orb of light (worn)
Scrolls
 e - a scroll of fear {unknown}
Potions
 c - a potion of ambrosia


   Skills:
 + Level 2.4 Fighting
 - Level 3.2 Short Blades
 * Level 4.2 Dodging


You couldn't memorise any spells.
You didn't know any spells.
Your spell library was empty.

Dungeon Overview and Level Annotations

Branches:
Dungeon (4/15)
 Temple: D:4-7

Altars:

Annotations:
D:3 Ijyb


Innate Abilities, Weirdness & Mutations

You are very small and have problems with some larger weapons.
You are too small for most types of armour.
You have supernaturally acute eyesight. (SInv)
You cover ground extremely quickly. (Speed+++)


Message History

Found a whip.
The kobold shouts!
A bat comes into view.
A kobold comes into view. It is wielding a +2 whip of holy wrath.
The kobold shouts!
The kobold throws a stone.
The stone closely misses you. The bat misses you.
Found a scroll labelled KISTRO FAUN.
The bat attacks as it pursues you! The bat hits you but does no damage.
The bat misses you.
You hit the bat.
The bat is severely wounded.
The bat barely misses you. The bat closely misses you.
You hit the bat.
You kill the bat!
Found a chain mail.
Found a short sword.
Found a stone staircase leading down.
There is a stone staircase leading down here.
You climb downwards.
Found 19 gold pieces and a mace.
Found an escape hatch in the ceiling.
Found two stone staircases leading down.
There is a stone staircase leading up here.
Ijyb the Twisted Goblin comes into view.
She is wielding a +0 club and carrying a wand of flame.
Found a stone staircase leading down.
Ijyb shouts!
You hear an angry hiss.
A ball python comes into view.
There is a stone staircase leading down here.
You climb downwards.
The orc shouts!
The orc wizard shouts!
There is a stone staircase leading up here.
The orc throws a boomerang.
The boomerang completely misses you.
You climb upwards.
Level annotation: Ijyb Ijyb zaps a wand.
The puff of flame hits you!
Ouch! That really hurt!
* * * LOW HITPOINT WARNING * * *
There is a stone staircase leading down here.
Ijyb zaps a wand.
The puff of flame misses you.
Ijyb zaps a wand.
The puff of flame hits you!
Ouch! That really hurt!
You die...

... .. .... .##.#
...... ....
...... #..#
......####...#
........#..#
.#......@..## .
.....$......##<)#
................#
#....S.>.<......#
.....g.###.......
.#..... #####.#
#....> #.....
#.....


You could see Ijyb and a ball python.

Vanquished Creatures
  2 bats (D:2)
  A rat (D:2)
3 creatures vanquished.

Notes
Turn   | Place    | Note
-------+----------+-------------------------------------------
     0 | D:1      | Bravepunisher the Spriggan Monk began the quest for the
                  | Orb.
     0 | D:1      | Reached XP level 1. HP: 11/11 MP: 2/2
    82 | D:3      | Noticed Ijyb
    84 | D:4      | Noticed an orc wizard
    89 | D:3      | Killed from afar by Ijyb

Illustrated notes

Levels and vault maps discovered:
D:1:      dpeg_arrival_simpleton_c, layout_basic, minmay_liquid_box
D:2:      layout_loops_ring, serial_shops, shop, uniq_jessica
D:3:      layout_rooms, hellmonk_ecumenical_altar_heavens_door, uniq_ijyb,
          uniq_crazy_yiuf_cottage, uniq_grinder, uniq_natasha
D:4:      wad_lake_hut, layout_rooms

Action                     || total
---------------------------++-------
  Melee: Short sword       ||    11
 Armour: Robe              ||     7
  Dodge: Dodged            ||    14

Table legend: (Time is in decaauts)
 A = Elapsed time spent in this place.
 B = Non-inter-level travel time spent in this place.
 C = Inter-level travel time spent in this place.
 D = Time resting spent in this place.
 E = Time spent auto-exploring this place.
 F = Levels seen in this place.
 G = Mean time per level.
                   A        B        C        D        E       F      G
               +--------+--------+--------+--------+--------+-----+--------+
         Total |     60 |     60 |      0 |      0 |      2 |   4 |   15.0 |
       Dungeon |     60 |     60 |      0 |      0 |      2 |   4 |   15.0 |
               +--------+--------+--------+--------+--------+-----+--------+

Top non-repeatable levels by time:
     D:2: 44 daAuts
     D:1: 7 daAuts
     D:3: 5 daAuts
     D:4: 1 daAuts
